 Seeded DCSS version 0.31-a0-818-ge7c7cf74f0 (webtiles) character file.

Game seed: 7675213799449126042 (custom seed)

79 bmack86 the Shield-Bearer (level 4, -2/39 HPs)
             Began as a Minotaur Fighter on Sept 22, 2023.
             Killed by divine providence
             ... invoked by an orc priest
              (9 damage)
             ... on level 2 of the Dungeon.
             The game lasted 00:04:29 (1789 turns).

bmack86 the Shield-Bearer (Minotaur Fighter)        Turns: 1789, Time: 00:04:31

Health: -2/39      AC: 11    Str: 23    XL:     4   Next: 17%
Magic:  3/3        EV:  9    Int:  5    God:
Gold:   150        SH:  4    Dex:  9    Spells: 3/3 levels left

rFire   . . .        a - +0 war axe
rCold   . . .        c - +0 buckler
rNeg    . . .        b - +0 scale mail
rPois   .            (helmet restricted)
rElec   .            (no cloak)
rCorr   .            h - +0 pair of gloves
SInv    .            e - +2 pair of boots
Will    .....        (no amulet) Stlth
                     (no ring)
HPRegen 0.26/turn    (no ring)
MPRegen 0.08/turn

%: no passive effects
@: no status effects
A: horns 2, retaliatory headbutt
a: no special abilities


You were on level 2 of the Dungeon.
You visited 1 branch of the dungeon, and saw 3 of its levels.

You collected 150 gold pieces.

Inventory:

Hand Weapons
 a - a +0 war axe (weapon)
Missiles
 o - 4 javelins
Armour
 b - a +0 scale mail (worn)
 c - a +0 buckler (worn)
 e - a +2 pair of boots (worn)
 h - a +0 pair of gloves (worn)
Jewellery
 i - a ring of resist corrosion
Scrolls
 f - 2 scrolls of torment {unknown}
 g - a scroll of noise {unknown}
 k - a scroll of teleportation {unknown}
 n - 2 scrolls of identify {unknown}
 q - a scroll of blinking {unknown}
 r - a scroll of fog {unknown}
Potions
 d - 2 potions of might
 j - a potion of enlightenment {unknown}
 l - a potion of curing {unknown}
 m - 2 potions of attraction {unknown}
 p - a potion of berserk rage {unknown}


   Skills:
 - Level 3.6 Fighting
 + Level 4.2 Axes
 - Level 3.6 Armour
 - Level 5.0 Shields


You had 3 spell levels left.
You didn't know any spells.
Your spell library contained the following spells:

 Spells                   Type           Power      Damage    Failure   Level
 Freeze                   Ice            0%         1d3       85%         1
 Cigotuvi's Dreadful Rot  Necr/Pois/Air  0%         N/A       94%         2
 Frozen Ramparts          Ice            0%         1d1       99%         3
 Hailstorm                Conj/Ice       0%         3d3       99%         3
 Dispel Undead            Necr           0%         3d6       100%        4
 Death Channel            Necr           0%         N/A       100%        6


Dungeon Overview and Level Annotations

Branches:
Dungeon (3/15)

Altars:
Fedhas


Innate Abilities, Weirdness & Mutations

You have a pair of horns on your head.
You reflexively headbutt those who attack you in melee.


Message History

You headbutt the orc priest, but do no damage.
The orc priest is severely wounded.
The orc priest mumbles some strange prayers to Beogh against you.
Pain shoots through your body!
The orc priest looks encouraged for a moment.
You barely miss the orc priest.
The orc priest is severely wounded.
The orc priest hits you with a +0 falchion.
The goblin unwields a +0 sling.
The goblin wields a +0 dagger.
You block the goblin's attack.
You hit the orc priest.
The orc priest is almost dead.
You hit the orc priest but do no damage.
You closely miss the goblin. The orc priest closely misses you.
The orc priest barely misses you. You furiously retaliate!
You headbutt the orc priest. The goblin barely misses you.
You furiously retaliate!
You headbutt the goblin.
You kill the goblin!
The orc priest miscasts a cantrip.
The orc priest hits you with a +0 mace.
There is a stone staircase leading up here.
You block the orc priest's attack.
Unknown command.
The orc priest hits you with a +0 falchion.
The orc priest hits you but does no damage.
There is a stone staircase leading up here.
The orc priest hits you with a +0 falchion.
* * * LOW HITPOINT WARNING * * *
The orc priest calls upon Beogh to heal the orc priest.
The orc priest is healed somewhat.
You climb upwards.
There is a stone staircase leading down here.
You hit the orc priest but do no damage.
You headbutt the orc priest, but do no damage.
The orc priest is severely wounded.
You hit the orc priest. The orc priest hits you with a +0 mace.
* * * LOW HITPOINT WARNING * * *
The orc priest mumbles some strange prayers to Beogh against you.
Beogh smites you!
You die...

#.......#####....
#..........##....
##..........##....
#.....###.........
#.....# ##........
#.....# #........
#.....#####.......
#o...............#
#@o...#######....#
#.....# #....#
#.....# #....#
#.....# #.....
####### #.....
#..... #######....
#..........
###.###....


You could see 2 orc priests.

Vanquished Creatures
  4 adders (D:2)
  2 dart slugs
  An orc (D:2)
  4 ball pythons
  8 bats
  2 endoplasms (D:2)
  3 giant cockroaches
  2 goblins
  2 hobgoblins (D:1)
  A quokka (D:1)
  8 frilled lizards
  2 kobolds (D:1)
  A rat (D:1)
40 creatures vanquished.

Notes
Turn   | Place    | Note
-------+----------+-------------------------------------------
     0 | D:1      | bmack86 the Minotaur Fighter began the quest for the Orb.
     0 | D:1      | Reached XP level 1. HP: 19/19 MP: 0/0
   177 | D:1      | Reached skill level 4 in Shields
   343 | D:1      | Reached XP level 2. HP: 22/26 MP: 1/1
   761 | D:1      | Found a faded altar of an unknown god.
   866 | D:2      | Identified the +0 robe "Hoxzor" {rF+ Int-5 SInv Archmagi}
  1023 | D:2      | Reached XP level 3. HP: 31/31 MP: 2/2
  1127 | D:2      | Reached skill level 5 in Shields
  1221 | D:2      | Reached XP level 4. HP: 36/39 MP: 3/3
  1762 | D:3      | Found a blossoming altar of Fedhas.
  1789 | D:2      | Killed from afar by an orc priest

Illustrated notes

Levels and vault maps discovered:
D:1:      dpeg_arrival_another_circle, layout_loops_ring,
          shapermc_ecumenical_altar_mp_highgroup
D:2:      layout_basic, minmay_surrounded
D:3:      layout_basic, mainiacjoe_overflow_tiny_flanked, portal_sewer_entry_b,
          grunt_decor_junction

Skill      XL: |  1  2  3 |
---------------+----------+-----
Shields        | 4 5 |  5.0
Axes           | 3 4 |  4.2
Fighting       | |  3.6
Armour         | |  3.6

Action                     |  1- 3 |  4- 6 || total
---------------------------+-------+-------++-------
  Melee: War axe           |    68 |    19 ||    87
         Headbutt          |     7 |     4 ||    11
 Armour: Scale mail        |    66 |    20 ||    86
  Dodge: Dodged            |    53 |    14 ||    67
  Block: Buckler           |    22 |     5 ||    27

Table legend: (Time is in decaauts)
 A = Elapsed time spent in this place.
 B = Non-inter-level travel time spent in this place.
 C = Inter-level travel time spent in this place.
 D = Time resting spent in this place.
 E = Time spent auto-exploring this place.
 F = Levels seen in this place.
 G = Mean time per level.
                   A        B        C        D        E       F      G
               +--------+--------+--------+--------+--------+-----+--------+
         Total |   1820 |   1763 |     57 |      0 |   1329 |   3 |  606.7 |
       Dungeon |   1820 |   1763 |     57 |      0 |   1329 |   3 |  606.7 |
               +--------+--------+--------+--------+--------+-----+--------+

Top non-repeatable levels by time:
     D:2: 936 daAuts
     D:1: 870 daAuts
     D:3: 13 daAuts
